Match 25489914
Unlisted

Match 25489914
End
Construct Barracks
Selects Advanced Infantry Battlegroup
Riflemen Squad
Riflemen Squad
Construct Weapon Support Center
M1919 Machine Gun Team
M1 Mortar Team
Selects Convert to Ranger Squad
Convert to Ranger Squad
Construct Medical Station
Bazooka Squad
Improved M9 Bazooka Rockets
Convert to Ranger Squad
Selects Frontline Medical Station
Frontline Medical Station
Infantry Support Center
Selects Artillery Observers
M1918 Browning Automatic Rifles
Grenade Package
Survival Training
Frontline Medical Station
Advanced Logistics
Selects Ranger Weapon Training
Tycoonmaster
Sekretar92
Revolutionary
eFalcon95
UH|dun! ツ
cochiloco
0
0

Comments sign in to comment!

No comments posted yet!